Map: Base scientifica Sejong LE

Players

Jhyrachy - Winner!

  • Race: Zerg Zerg
  • League: Gold
  • Spawn Location: 5:00

Kenopir

  • Race: Protoss Protoss
  • League: Gold
  • Spawn Location: 11:00

VOD

Have the link to the VOD?

Description

Time

  • Played on: May 24, 2016, 4:19 p.m.
  • Length: 9:05
Show
View Real Time Build Order
Export as new Build Order

Jhyrachy Zerg - Winner!

Build Orders: Hatch First 

Get SALT Encoding   

  12  0:01  Drone  
  13  0:13  Overlord  
  13  0:19  Drone  
  14  0:31  Drone x2  
  16  0:42  Drone  
  17  0:55  Drone  
  18  0:59  Hatchery  
  17  1:06  Drone  
  18  1:13  Spawning Pool  
  17  1:26  Extractor  
  17  1:27  Overlord  
  16  1:39  Drone x2  
  18  1:41  Drone  
  19  2:04  Zergling x4, Queen  
  23  2:10  Queen  
  23  2:15  Drone x2  
  27  2:34  Overlord  
  27  2:36  Drone x2  
  27  2:37  Drone  
  30  2:42  Lair  
  30  2:46  Extractor, Drone x2  
  31  2:56  Drone x2  
  33  3:16  Extractor  
  33  3:17  Extractor, Drone x6  
  37  3:28  Drone x3  
  37  3:29  Drone  
  41  3:39  Drone x2  
  43  3:43  Spire  
  43  3:44  Drone  
  43  4:05  Drone  
  43  4:07  Overlord x2  
  43  4:08  Overlord  
  44  4:14  Overseer  
  44  4:30  Hatchery  
  43  5:00  Mutalisk  
  43  5:01  Mutalisk x6  
  43  5:04  Mutalisk  
  59  5:12  Queen  
  61  5:15  Drone  
  61  5:16  Drone x6  
  61  5:21  Zerg Flyer Weapons Level 1  
  68  6:17  Queen  
  70  6:19  Extractor  
  70  6:20  Drone x3  
  70  6:21  Drone x2  
  70  6:22  Extractor  
  70  6:25  Overlord x2  
  73  6:48  Mutalisk x8  
  58  7:31  Zergling x2  
  58  7:32  Zergling x2  
  58  7:33  Zergling x18  
  67  8:00  Drone x3  
  67  8:02  Mutalisk x6  
  82  8:10  Drone  
  83  8:21  Hatchery  
  82  8:29  Extractor  
  81  8:37  Hatchery  
Show
View Real Time Build Order
Export as new Build Order

Kenopir Protoss 

Build Orders: 1 Gate Expand 

Get SALT Encoding   

  12  0:01  Probe (Chrono Boost)  
  13  0:12  Probe (Chrono Boost)  
  14  0:18  Pylon  
  14  0:22  Probe (Chrono Boost)  
  15  0:37  Probe (Chrono Boost)  
  16  0:44  Gateway  
  16  0:48  Probe (Chrono Boost)  
  17  1:09  Nexus  
  17  1:12  Probe (Chrono Boost)  
  17  1:17  Assimilator  
  18  1:26  Assimilator  
  18  1:28  Probe (Chrono Boost)  
  19  1:37  Cybernetics Core  
  19  1:42  Probe (Chrono Boost)  
  20  1:53  Probe (Chrono Boost)  
  21  1:59  Zealot  
  23  2:16  Warp Gate (Chrono Boost)  
  23  2:19  Pylon  
  23  2:20  Probe (Chrono Boost)  
  23  2:21  Probe (Chrono Boost)  
  25  2:31  Mothership Core (Chrono Boost)  
  25  2:35  Probe (Chrono Boost)  
  28  2:42  Sentry  
  30  2:45  Probe (Chrono Boost)  
  30  2:48  Pylon  
  31  3:02  Robotics Facility  
  31  3:05  Gateway  
  31  3:08  Gateway  
  31  3:18  Sentry  
  33  3:24  Probe  
  33  3:26  Probe  
  35  3:31  Pylon  
  35  3:38  Pylon  
  35  3:41  Gateway  
  35  3:44  Zealot  
  35  3:45  Gateway  
  37  3:52  Probe  
  37  3:54  Probe  
  39  4:00  Pylon  
  39  4:10  Probe  
  39  4:12  Probe  
  41  4:19  Gateway  
  41  4:23  Gateway  
  41  4:47  Gateway  
  41  4:48  Gateway  
  41  4:54  Zealot x4  
  41  4:56  Probe  
  41  4:57  Probe  
  51  5:07  Probe (Chrono Boost)  
  51  5:09  Probe (Chrono Boost)  
  53  5:16  Pylon  
  53  5:19  Probe (Chrono Boost)  
  54  5:25  Sentry x5  
  54  5:26  Sentry  
  66  5:34  Pylon  
  62  5:45  Forge  
  61  5:50  Stalker  
  61  5:51  Stalker x3  
  64  6:09  Zealot x2  
  64  6:10  Zealot x2  
  72  6:25  Photon Cannon  
  72  6:27  Photon Cannon  
  69  6:41  Photon Cannon  
  69  6:44  Stalker  
  69  6:45  Photon Cannon  
  68  6:53  Pylon  
  68  7:03  Stalker x3  
  74  7:10  Pylon  
  74  7:15  Stalker  
  76  7:26  Stalker  
  58  7:37  Probe (Chrono Boost)  
  58  7:38  Probe (Chrono Boost)  
  52  7:48  Probe (Chrono Boost)  
  41  8:02  Twilight Council  
  41  8:04  Probe x2 (Chrono Boost)  
  43  8:07  Pylon  
  42  8:14  Probe x2 (Chrono Boost)  
  42  8:16  Stalker  
  42  8:18  Stalker  
  48  8:23  Probe  
  48  8:25  Probe  
  50  8:28  Photon Cannon  
  50  8:36  Stalker  
  50  8:37  Stalker  
  54  8:44  Stalker  
  54  8:45  Stalker  
  58  8:54  Zealot  
  58  8:55  Zealot  
Tags
 
Add a new tag
Caveats
  • Supply blocks, unpowered buildings, or Contaminate may cause inaccurate times.
  • Supply counts are checked every 10 seconds.